SL
PHILADELPHIA 1776 BC @ THUNDER BAY NORTHERN LIONS BC
04/17/2029
 
TOP OF THE 1ST
Philadelphia 1776 BC batting - Pitching for Thunder Bay Northern Lions BC : RHP Rafael Rodríguez
Pitching: RHP Rafael Rodríguez
Batting: LHB Tony Vega 0-0: Ball
1-0: Foul Ball, location: 2F
1-1: Swinging Strike
1-2: Ball
2-2: Strikes out looking
Batting: LHB Cliff Aldridge 0-0: Ground out 4-3 (Groundball, 4)
Batting: LHB Manoo Satyavrat 0-0: Foul Ball, location: 2F
0-1: Fly out, F4 (Popup, 3D)
Top of the 1st over - 0 runs, 0 hits, 0 errors, 0 left on base; Philadelphia 1776 0 - Thunder Bay 0
BOTTOM OF THE 1ST
Thunder Bay Northern Lions BC batting - Pitching for Philadelphia 1776 BC : LHP Carlos Sánchez
Pitching: LHP Carlos Sánchez
Batting: RHB Keith Fish 0-0: Called Strike
0-1: Ground out 4-3 (Groundball, 4)
Batting: RHB Sean Davis 0-0: Called Strike
0-1: Ground out 4-3 (Groundball, 4)
Batting: RHB António Mendoza 0-0: Fly out, F7 (Line Drive, 7D)
Bottom of the 1st over - 0 runs, 0 hits, 0 errors, 0 left on base; Philadelphia 1776 0 - Thunder Bay 0
TOP OF THE 2ND
Philadelphia 1776 BC batting - Pitching for Thunder Bay Northern Lions BC : RHP Rafael Rodríguez
Batting: LHB José Rodríguez 0-0: Called Strike
0-1: Ball
1-1: Called Strike
1-2: Foul Ball, location: 2F
1-2: Ball
2-2: SINGLE (Line Drive, 89S)
Batting: RHB António Granados 0-0: Ball
1-0: Foul Ball, location: 2F
1-1: Fly out, F9 (Line Drive, 9)
Batting: RHB John Schnatter 0-0: Ball
José Rodríguez is caught stealing 2nd base
1-0: Called Strike
1-1: Foul Ball, location: 2F
1-2: Fly out, F9 (Flyball, 9)
Top of the 2nd over - 0 runs, 1 hit, 0 errors, 0 left on base; Philadelphia 1776 0 - Thunder Bay 0
BOTTOM OF THE 2ND
Thunder Bay Northern Lions BC batting - Pitching for Philadelphia 1776 BC : LHP Carlos Sánchez
Batting: LHB David Smith 0-0: Ball
1-0: Foul Ball, location: 2F
1-1: Swinging Strike
1-2: Ball
2-2: Strikes out swinging
Batting: SHB Terumoto Kurihara 0-0: Called Strike
0-1: Ball
1-1: Ball
2-1: Foul Ball, location: 2F
2-2: Strikes out looking
Batting: RHB Carlos Padilla 0-0: Ball
1-0: SINGLE (Flyball, 8RS)
Batting: RHB Xavier Pérez 0-0: Called Strike
0-1: Ball
1-1: Foul Ball, location: 2F
1-2: Foul Ball, location: 2F
1-2: SINGLE (Groundball, 6MD)
Carlos Padilla to second
Batting: SHB Carlos Rodríguez 0-0: Called Strike
0-1: Ball
1-1: Foul Ball, location: 2F
1-2: Ball
2-2: Ground out 6-3 (Groundball, 6)
Bottom of the 2nd over - 0 runs, 2 hits, 0 errors, 2 left on base; Philadelphia 1776 0 - Thunder Bay 0
TOP OF THE 3RD
Philadelphia 1776 BC batting - Pitching for Thunder Bay Northern Lions BC : RHP Rafael Rodríguez
Batting: RHB Patrizio Vanali 0-0: Ball
1-0: Ground out 6-3 (Groundball, 6)
Batting: SHB Jesús Cabañe 0-0: Ground out 5-3 (Groundball, 56)
Batting: RHB Fernando Rivera 0-0: Foul Ball, location: 2F
0-1: Ball
1-1: Ball
2-1: Foul Ball, location: 2F
2-2: Strikes out swinging
Top of the 3rd over - 0 runs, 0 hits, 0 errors, 0 left on base; Philadelphia 1776 0 - Thunder Bay 0
BOTTOM OF THE 3RD
Thunder Bay Northern Lions BC batting - Pitching for Philadelphia 1776 BC : LHP Carlos Sánchez
Batting: RHB Gabriel Rodríguez 0-0: Called Strike
0-1: Ball
1-1: Ball
2-1: Fly out, F9 (Flyball, 9S)
Batting: RHB Keith Fish 0-0: Called Strike
0-1: Swinging Strike
0-2: Ball
1-2: Strikes out swinging
Batting: RHB Sean Davis 0-0: Called Strike
0-1: Foul Ball, location: 2F
0-2: Foul Ball, location: 2F
0-2: Foul Ball, location: 2F
0-2: Ball
1-2: SINGLE (Groundball, 34D)
Batting: RHB António Mendoza 0-0: Called Strike
0-1: Foul Ball, location: 2F
0-2: Ball
1-2: Fly out, F9 (Line Drive, 89D)
Bottom of the 3rd over - 0 runs, 1 hit, 0 errors, 1 left on base; Philadelphia 1776 0 - Thunder Bay 0
TOP OF THE 4TH
Philadelphia 1776 BC batting - Pitching for Thunder Bay Northern Lions BC : RHP Rafael Rodríguez
Batting: LHB Tony Vega 0-0: Foul Ball, location: 2F
0-1: Ball
1-1: DOUBLE (Flyball, 78D)
Batting: LHB Cliff Aldridge 0-0: Ball
1-0: Foul Ball, location: 2F
1-1: DOUBLE (Line Drive, 89D)
Tony Vega scores
Batting: LHB Manoo Satyavrat 0-0: Ground out 4-3 (Groundball, 4)
Cliff Aldridge to third
Batting: LHB José Rodríguez 0-0: Ball
1-0: Swinging Strike
1-1: Foul Ball, location: 2F
1-2: Foul Ball, location: 2F
1-2: Foul Ball, location: 2F
1-2: Fly out, F7 (Flyball, 7)
Runner from 3rd tags up, SCORES, throw made
Batting: RHB António Granados 0-0: SINGLE (Line Drive, 89S)
Batting: RHB John Schnatter 0-0: Fly out, F9 (Flyball, 89XD)
Top of the 4th over - 2 runs, 3 hits, 0 errors, 1 left on base; Philadelphia 1776 2 - Thunder Bay 0
BOTTOM OF THE 4TH
Thunder Bay Northern Lions BC batting - Pitching for Philadelphia 1776 BC : LHP Carlos Sánchez
Batting: LHB David Smith 0-0: Swinging Strike
0-1: Foul Ball, location: 2F
0-2: Foul Ball, location: 2F
0-2: Ball
1-2: Strikes out swinging
Pitching: RHP Frank Walker
Batting: SHB Terumoto Kurihara 0-0: Ball
1-0: Foul Ball, location: 2F
1-1: Foul Ball, location: 2F
1-2: SINGLE (Groundball, 34D)
Batting: RHB Carlos Padilla 0-0: SINGLE (Line Drive, 89S)
Terumoto Kurihara to second
Batting: RHB Xavier Pérez 0-0: Called Strike
0-1: Called Strike
0-2: Foul Ball, location: 2F
0-2: Ball
1-2: Foul Ball, location: 2F
1-2: Foul Ball, location: 2F
1-2: Ball
2-2: 3-RUN HOME RUN (Flyball, 7LD), Distance : 374 ft
Batting: SHB Carlos Rodríguez 0-0: Swinging Strike
0-1: Ball
1-1: Ball
2-1: Foul Ball, location: 2F
2-2: Ball
3-2: Base on Balls
Batting: RHB Gabriel Rodríguez 0-0: Called Strike
0-1: Swinging Strike
0-2: DOUBLE (Flyball, 89D)
Carlos Rodríguez to third
Batting: RHB Keith Fish 0-0: DOUBLE (Flyball, 9D)
Carlos Rodríguez scores
Gabriel Rodríguez scores
Batting: RHB Sean Davis 0-0: Ball
1-0: Ball
2-0: Foul Ball, location: 2F
2-1: Called Strike
2-2: Ball
3-2: Foul Ball, location: 2F
3-2: Base on Balls
Batting: RHB António Mendoza 0-0: Ball
1-0: Foul Ball, location: 2F
1-1: Ball
2-1: Reached on error, E5 (Groundball, 56)
Keith Fish to third
Sean Davis to second
Batting: LHB David Smith 0-0: Ground out 4-3 (Groundball, 4S)
Keith Fish scores
Sean Davis to third
António Mendoza to second
Batting: SHB Terumoto Kurihara 0-0: Ball
1-0: Ball
2-0: Called Strike
2-1: Ball
3-1: Foul Ball, location: 2F
3-2: Ground out 6-3 (Groundball, 56)
Bottom of the 4th over - 6 runs, 5 hits, 1 error, 2 left on base; Philadelphia 1776 2 - Thunder Bay 6
TOP OF THE 5TH
Philadelphia 1776 BC batting - Pitching for Thunder Bay Northern Lions BC : RHP Rafael Rodríguez
Pitching: RHP Bayram Tanaoglu
Batting: RHB Patrizio Vanali 0-0: Called Strike
0-1: Swinging Strike
0-2: Ball
1-2: Ground out 1-3 (Groundball, 15S)
Batting: SHB Jesús Cabañe 0-0: Called Strike
0-1: Ball
1-1: Ball
2-1: Ground out 6-3 (Groundball, 6MD)
Batting: RHB Fernando Rivera 0-0: Ball
1-0: Ball
2-0: Foul Ball, location: 2F
2-1: Ground out 6-3 (Groundball, 6)
Top of the 5th over - 0 runs, 0 hits, 0 errors, 0 left on base; Philadelphia 1776 2 - Thunder Bay 6
BOTTOM OF THE 5TH
Thunder Bay Northern Lions BC batting - Pitching for Philadelphia 1776 BC : RHP Frank Walker
Batting: RHB Carlos Padilla 0-0: Ball
1-0: Called Strike
1-1: Ball
2-1: Ball
3-1: Called Strike
3-2: SOLO HOME RUN (Flyball, 7LD), Distance : 354 ft
Pitching: RHP Cor Snel
Batting: RHB Xavier Pérez 0-0: Called Strike
0-1: Ball
1-1: Ball
2-1: Foul Ball, location: 2F
2-2: Ball
3-2: Foul Ball, location: 2F
3-2: Ground out 6-3 (Groundball, 56)
Batting: SHB Carlos Rodríguez 0-0: Ground out 4-3 (Groundball, 4)
Batting: RHB Gabriel Rodríguez 0-0: Swinging Strike
0-1: Swinging Strike
0-2: Ball
1-2: Strikes out swinging
Bottom of the 5th over - 1 run, 1 hit, 0 errors, 0 left on base; Philadelphia 1776 2 - Thunder Bay 7
TOP OF THE 6TH
Philadelphia 1776 BC batting - Pitching for Thunder Bay Northern Lions BC : RHP Bayram Tanaoglu
Batting: LHB Tony Vega 0-0: Called Strike
0-1: Swinging Strike
0-2: Ball
1-2: DOUBLE (Line Drive, 9LM)
Batting: LHB Cliff Aldridge 0-0: Called Strike
0-1: Ball
1-1: Fly out, F9 (Flyball, 9)
Batting: LHB Manoo Satyavrat 0-0: Called Strike
0-1: Ball
1-1: Ball
2-1: Fly out, F7 (Flyball, 7S)
Batting: LHB José Rodríguez 0-0: Ball
1-0: Ball
2-0: Called Strike
2-1: Ball
3-1: Base on Balls
Batting: RHB António Granados 0-0: Ball
1-0: Foul Ball, location: 2F
1-1: Called Strike
1-2: Ball
2-2: SINGLE (Groundball, 25) (infield hit)
Tony Vega to third
José Rodríguez to second
Batting: RHB John Schnatter 0-0: Ball
1-0: Ground out 4-3 (Groundball, 4)
Top of the 6th over - 0 runs, 2 hits, 0 errors, 3 left on base; Philadelphia 1776 2 - Thunder Bay 7
BOTTOM OF THE 6TH
Thunder Bay Northern Lions BC batting - Pitching for Philadelphia 1776 BC : RHP Cor Snel
Batting: RHB Keith Fish 0-0: Ball
1-0: Foul Ball, location: 2F
1-1: Foul Ball, location: 2F
1-2: Fly out, F5 (Popup, 25F)
Pinch Hitting: LHB Jorge Flores 0-0: Ball
1-0: Called Strike
1-1: SINGLE (Line Drive, 8RS)
Pinch Hitting: LHB Ramón Gómez 0-0: Called Strike
0-1: Ball
1-1: Swinging Strike
1-2: 2-RUN HOME RUN (Flyball, 8RXD), Distance : 437 ft
Batting: LHB David Smith 0-0: Fly out, F7 (Flyball, 7D)
Batting: SHB Terumoto Kurihara 0-0: Ball
1-0: Called Strike
1-1: Called Strike
1-2: Ball
2-2: Strikes out swinging
Bottom of the 6th over - 2 runs, 2 hits, 0 errors, 0 left on base; Philadelphia 1776 2 - Thunder Bay 9
TOP OF THE 7TH
Philadelphia 1776 BC batting - Pitching for Thunder Bay Northern Lions BC : RHP Bayram Tanaoglu
Now at SS: Ramón Gómez
Now in LF: Jorge Flores
Batting: RHB Patrizio Vanali 0-0: Ground out 6-3 (Groundball, 6)
Batting: SHB Jesús Cabañe 0-0: Ball
1-0: Swinging Strike
1-1: Called Strike
1-2: Ball
2-2: Foul Ball, location: 2F
2-2: Foul Ball, location: 2F
2-2: Ground out 4-3 (Groundball, 34)
Batting: RHB Fernando Rivera 0-0: Ball
1-0: Ball
2-0: SINGLE (Groundball, 5D)
Pinch Hitting: RHB Dave Morris 0-0: Called Strike
0-1: Fly out, F7 (Flyball, 7)
Top of the 7th over - 0 runs, 1 hit, 0 errors, 1 left on base; Philadelphia 1776 2 - Thunder Bay 9
BOTTOM OF THE 7TH
Thunder Bay Northern Lions BC batting - Pitching for Philadelphia 1776 BC : RHP Cor Snel
Now in LF: Dave Morris
Batting: RHB Carlos Padilla 0-0: Ball
1-0: SOLO HOME RUN (Line Drive, 7D), Distance : 402 ft
Batting: RHB Xavier Pérez 0-0: Ball
1-0: Called Strike
1-1: Called Strike
1-2: Strikes out swinging
Batting: SHB Carlos Rodríguez 0-0: Fly out, F8 (Line Drive, 89XD)
Batting: RHB Gabriel Rodríguez 0-0: Ball
1-0: Foul Ball, location: 2F
1-1: Foul Ball, location: 2F
1-2: Strikes out swinging
Bottom of the 7th over - 1 run, 1 hit, 0 errors, 0 left on base; Philadelphia 1776 2 - Thunder Bay 10
TOP OF THE 8TH
Philadelphia 1776 BC batting - Pitching for Thunder Bay Northern Lions BC : RHP Bayram Tanaoglu
Batting: LHB Jeff Rutherford 0-0: Ball
1-0: Foul Ball, location: 2F
1-1: Ball
2-1: Called Strike
2-2: Foul Ball, location: 2F
2-2: Ball
3-2: DOUBLE (Line Drive, 8LD)
Pinch Hitting: LHB Héctor Torres 0-0: Ball
1-0: Reached on error, E1 (Groundball, 13)
Jeff Rutherford scores
Pitching: LHP Norberto Quintana
Batting: LHB José Rodríguez 0-0: Called Strike
0-1: Called Strike
0-2: Ball
1-2: Strikes out swinging
Pitching: RHP Jurgen Sagebrecht
Batting: RHB António Granados 0-0: Ground out U3 (Groundball, 3)
Héctor Torres to third
Batting: RHB John Schnatter 0-0: Ball
1-0: Fly out, F8 (Flyball, 8RS)
Top of the 8th over - 1 run, 1 hit, 1 error, 1 left on base; Philadelphia 1776 3 - Thunder Bay 10
BOTTOM OF THE 8TH
Thunder Bay Northern Lions BC batting - Pitching for Philadelphia 1776 BC : RHP Cor Snel
Now in RF: Héctor Torres
Batting: RHB Keith Fish 0-0: Ball
1-0: Ground out U3 (Groundball, 34S)
Batting: LHB Jorge Flores 0-0: Foul Ball, location: 2F
0-1: Called Strike
0-2: Ball
1-2: Ball
2-2: SINGLE (Groundball, 4MD)
Pitching: LHP Brian Brewer
Batting: LHB Ramón Gómez 0-0: Ball
1-0: Swinging Strike
1-1: Ball
2-1: Grounds out, U3 (Groundball, 3L)
Batting: LHB David Smith 0-0: Called Strike
0-1: Called Strike
0-2: Strikes out swinging, 2-3 out at first.
Bottom of the 8th over - 0 runs, 1 hit, 0 errors, 1 left on base; Philadelphia 1776 3 - Thunder Bay 10
TOP OF THE 9TH
Philadelphia 1776 BC batting - Pitching for Thunder Bay Northern Lions BC : RHP Jurgen Sagebrecht
Batting: RHB Patrizio Vanali 0-0: Ground out 4-3 (Groundball, 34)
Batting: SHB Jesús Cabañe 0-0: Ground out 4-3 (Groundball, 4)
Batting: RHB Fernando Rivera 0-0: Called Strike
0-1: Swinging Strike
0-2: Strikes out swinging, 2-3 out at first.
Top of the 9th over - 0 runs, 0 hits, 0 errors, 0 left on base; Philadelphia 1776 3 - Thunder Bay 10
Tuesday, December 19th, 2017 - OOTP Baseball 18.8 Build 76